 Dungeon Crawl Stone Soup version 0.28.0-47-ge53b351184 (webtiles) character file.

Game seed: 2117331847499925724

1204 101zpm the Magician (level 8, -4/51 HPs)
             Began as a Djinni Fire Elementalist on May 9, 2022.
             Was an Initiate of Hepliaklqana.
             Killed from afar by a gargoyle (14 damage)
             ... with a stone arrow
             ... on level 6 of the Dungeon.
             The game lasted 00:10:50 (8763 turns).

101zpm the Magician (Djinni Fire Elementalist)      Turns: 8763, Time: 00:10:51

Health: -4/51      AC:  2    Str:  7    XL:     8   Next: 73%
Gold:   217        EV: 12    Int: 18    God:    Hepliaklqana [......] SH:  0 Dex: 15

rFire   + + .      SeeInvis .   (no weapon)
rCold   x . .      Faith    .   (no shield)
rNeg    . . .      Spirit   .   a - +0 robe
rPois   ∞          Reflect  .   (no helmet)
rElec   .          Harm     .   (no cloak)
rCorr   .          Rampage  .   (no gloves)
Will    .....                   (boots unavailable)
Stlth   ++........              (no amulet)
HPRegen 0.17/turn               (no ring)
MPRegen 0.00/turn               (no ring)

@: flying, studying Slings
A: sickness immunity, fire resistance 2, cold vulnerability 1, float, innate
caster, HP casting, extra vitality 1
a: Renounce Religion


You were on level 6 of the Dungeon.
You worshipped Hepliaklqana.
Hepliaklqana was noncommittal.
You visited 2 branches of the dungeon, and saw 7 of its levels.

You collected 217 gold pieces.

Inventory:

Armour
 a - a +0 robe (worn)
Jewellery
 s - a ring of ice
Wands
 i - a wand of flame (33)
 o - a wand of acid (10)
Scrolls
 c - 9 scrolls of identify {unknown}
 d - 4 scrolls of immolation {unknown}
 e - 3 scrolls of noise {unknown}
 g - 2 scrolls of holy word {unknown}
 n - 4 scrolls of teleportation {unknown}
 p - 2 scrolls of vulnerability {unknown}
 r - 2 scrolls of blinking {unknown}
 v - a scroll of brand weapon {unknown}
Potions
 b - 2 potions of brilliance {unknown}
 f - 2 potions of haste {unknown}
 h - 4 potions of berserk rage {unknown}
 j - 3 potions of curing {unknown}
 k - a potion of heal wounds {unknown}
 l - 2 potions of flight {unknown}
 m - 2 potions of magic {unknown}
 q - 2 potions of lignification {unknown}
 t - a potion of mutation {unknown}
 u - a potion of might {unknown}
 w - a potion of invisibility {unknown}


   Skills:
 + Level 0.5 Fighting
 + Level 2.4 Dodging
 + Level 3.1 Stealth
 + Level 7.5 Spellcasting


You had 4 spell levels left.
You knew the following spells:

 Your Spells              Type           Power      Damage    Failure   Level
a - Foxfire               Conj/Fire      100%       2x1d9     1%          1
b - Scorch                Fire           68%        2d8       1%          2
c - Conjure Flame         Conj/Fire      34%        6-21      1%          3
d - Inner Flame           Hex/Fire       34%        N/A       1%          3
e - Flame Wave            Conj/Fire      34%        2d8       4%          4
f - Sandblast             Erth           68%        2d15      1%          1
g - Passwall              Tmut/Erth      28%        N/A       1%          2
h - Static Discharge      Conj/Air       34%        N/A       1%          2
Your spell library was empty.

Dungeon Overview and Level Annotations

Branches:
Dungeon (6/15)             Temple (1/1) D:5

Altars:
Cheibriados
Dithmenos
Fedhas
Gozag
Hepliaklqana
Kikubaaqudgha
Makhleb
Nemelex Xobeh
Okawaru
Ru
Sif Muna
Trog
Uskayaw
Vehumet
Xom
Yredelemnul
Zin
The Shining One

Shops:
D:1 [   D:4 :


Innate Abilities, Weirdness & Mutations

You are immune to sickness and miasma.
You are immune to poison.
Your flesh is very heat resistant. (rF++)
You are vulnerable to cold. (rC-)
You float through the air rather than walking.
You learn spells naturally, not from books.
Your magical power is your life essence.
You have superior vitality. (+4 MHP)


Message History

Press: ? - help, Dir - move target, f/p - centaur zombie
Aim: a centaur zombie (chance to affect: 93%)
The centaur zombie is filled with an inner flame.
The gargoyle hurls a stone arrow at you.
The stone arrow misses you. The stone arrow misses your foxfire.
Casting: Inner Flame (safe; 1% risk of failure)
Confirm with . or Enter, or press ? or * to list all spells.
Flames lash the centaur zombie.
Flame seeps out of the centaur zombie.
The centaur zombie is heavily damaged.
The centaur zombie's fire resistance burns away.
The centaur zombie is engulfed in blazing flames.
Flame seeps out of the centaur zombie.
Casting: Scorch (safe; 1% risk of failure)
Confirm with . or Enter, or press ? or * to list all spells.
Flames lash the centaur zombie.
The centaur zombie is burned terribly!
The centaur zombie explodes!
The fiery explosion engulfs the iguana!!!
The iguana explodes!
Your foxfire dissipates!
The gargoyle hurls a stone arrow at you.
The stone arrow misses you.
Casting: Foxfire (safe; 1% risk of failure)
Press: ? - help, Q - select action, (/) - cycle Dir - look around, f - activate You conjure some foxfire!
The foxfire hits the gargoyle but does no damage.
The gargoyle is heavily damaged.
The foxfire hits the gargoyle but does no damage.
The gargoyle is heavily damaged.
Casting: Foxfire (safe; 1% risk of failure)
Confirm with . or Enter, or press ? or * to list all spells.
Flames lash the gargoyle but do no damage.
The gargoyle hits you with a +0 flail!
* * * LOW HITPOINT WARNING * * *
Casting: Foxfire (safe; 1% risk of failure)
Press: ? - help, Q - select action, (/) - cycle Dir - look around, f - activate You conjure some foxfire!
* * * LOW HITPOINT WARNING * * *
The gargoyle hurls a stone arrow at you.
The stone arrow hits you!
You die...

.#. #.##...####.....# .. .!
......+...# #.....# #. #.
#.##.##...####.....# .
#..#.##.#.................
..#..#.......####'####......
.............# #...##.......
. ...........###...##.......
....#§§##...v.........###...
....$.....9@................
..$....##..v#######.#.###...
###.... #..#....# .........
..................#.#.###...
..#..####.......### .# #...
# #.. #...##### # ##.. #.
#...# #.. #. #...# #.. ...


You could see a gargoyle (inner flame, ally target).

Vanquished Creatures
  Grinder (D:3)
  A black bear (D:5)
  An ice beast (D:4)
  A sky beast (D:5)
  A necrophage (D:4)
  An ogre (D:5)
  A jelly (D:5)
  2 centaur zombies
  2 bullfrog zombies (D:5)
  A gnoll shaman (D:3)
  3 hounds
  Jessica (D:2)
  An iguana (D:6)
  An orc wizard (D:4)
  3 gnolls (D:3)
  7 adders
  6 worms
  3 dart slugs
  6 orcs
  3 ball pythons
  5 bats
  10 endoplasms
  4 giant cockroaches
  5 goblins
  5 hobgoblins
  19 jackals
  9 kobolds
  4 quokkas
  6 frilled lizards
  7 rats
120 creatures vanquished.

Vanquished Creatures (collateral kills)
  9 foxfires (D:1)
9 creatures vanquished.

Vanquished Creatures (others)
  596 foxfires
  15 plants (D:1)
611 creatures vanquished.

Grand Total: 740 creatures vanquished

Notes
Turn   | Place    | Note
-------+----------+-------------------------------------------
     0 | D:1      | 101zpm the Djinni Fire Elementalist began the quest for the
                  | Orb.
     0 | D:1      | Reached XP level 1. HP: 15/15 MP: 0/0
   191 | D:1      | Reached XP level 2. HP: 16/21 MP: 0/0
   475 | D:1      | Reached skill level 3 in Spellcasting
   477 | D:1      | Reached XP level 3. HP: 18/25 MP: 0/0
   477 | D:1      | Learned a level 1 spell: Sandblast
   670 | D:1      | Found Josihi's Armour Boutique.
  1973 | D:1      | Reached XP level 4. HP: 26/31 MP: 0/0
  2826 | D:2      | Reached skill level 4 in Spellcasting
  2829 | D:2      | Reached XP level 5. HP: 23/35 MP: 0/0
  2829 | D:2      | Learned a level 2 spell: Passwall
  3400 | D:2      | Noticed Jessica
  3404 | D:2      | Killed Jessica
  3831 | D:3      | Reached XP level 6. HP: 6/40 MP: 0/0
  4202 | D:3      | Noticed Grinder
  4212 | D:3      | Killed Grinder
  4213 | D:3      | Reached skill level 5 in Spellcasting
  4213 | D:3      | Reached XP level 7. HP: 29/45 MP: 0/0
  4213 | D:3      | Learned a level 2 spell: Static Discharge
  6135 | D:4      | Reached skill level 6 in Spellcasting
  6622 | D:4      | Found Saydeamp's Book Shop.
  6688 | D:5      | Entered Level 5 of the Dungeon
  6745 | D:5      | Reached XP level 8. HP: 45/51 MP: 0/0
  7407 | D:5      | Found a staircase to the Ecumenical Temple.
  7792 | D:5      | Reached skill level 7 in Spellcasting
  8089 | D:6      | Noticed a gargoyle
  8096 | D:6      | HP: 2/51 [gargoyle/stone arrow (13)]
  8504 | Temple   | Entered the Ecumenical Temple
  8624 | Temple   | Became a worshipper of Hepliaklqana the Forgotten
  8763 | D:6      | Killed from afar by a gargoyle

Illustrated notes

Levels and vault maps discovered:
D:1:      minmay_arrival_wavy_path, layout_basic, serial_shops,
          nicolae_square_shop, serial_bayou_lagoon_a
D:2:      layout_loops_ring, kennysheep_donut, kennysheep_jessica_study
D:3:      layout_loops_ring, nicolae_wormholes, uniq_grinder
D:4:      layout_loops_corners, serial_shops, kennysheep_mini
D:5:      layout_basic, temple_doors_e
D:6:      layout_basic, uniq_edmund
Temple:   mainiacjoe_temple_coin_purse

Skill      XL: |  1  2  3  4  5  6  7  8 |
---------------+-------------------------+-----
Spellcasting   | 3 4 5 6 7 |  7.5
Stealth        | 2 3 |  3.1
Fighting       | |  0.5
Dodging        | |  2.4

Action                   |  1- 3 |  4- 6 |  7- 9 || total
-------------------------+-------+-------+-------++-------
 Cast: Foxfire           |   103 |   122 |   168 ||   393
       Scorch            |     9 |    18 |    18 ||    45
       Inner Flame       |       |     1 |    44 ||    45
Armor: Robe              |       |       |     2 ||     2
Dodge: Dodged            |     2 |     3 |    11 ||    16
